[Event "Titled Tuesday Blitz February 28 Early 2023"]
[White "Wendt, Jan-Dietrich"]
[Black "EdmundPlayer"]
[WhiteFideId "4623797"]
[WhiteElo "2302"]
[BlackElo "2206"]
[Result "1-0"]
[Round "04"]
[TimeControl "180+2"]
[Date "2023.02.28"]
[WhiteClock "0:00:11"]
[BlackClock "0:00:04"]

1. Nf3 d5 2. c4 c6 3. e3 g6 4. Nc3 Bg7 5. d4 Nf6 6. Be2 O-O 7. O-O a5 8. a3 Bf5 9. cxd5 cxd5 10. Qb3 b6 11. Ne5 Ne4 12. Nxd5 Bxe5 13. dxe5 Nc5 14. Qc4 Nc6 15. f4 Kg7 16. Rd1 Qb8 17. Bf3 Rd8 18. Bd2 Bd3 19. Qa2 Bc2 20. Bc3 Bb3 21. e6+ f6 22. Qb1 Qd6 23. Nxf6 Bxd1 24. Ne4+ Kg8 25. Nxd6 Rxd6 26. Bxd1 Rad8 27. Bf3 Nxe6 28. Bxc6 Rxc6 29. Qe4 Rcd6 30. Qe5 Kf7 31. g4 Rd5 32. Qe4 Nc5 33. Qc4 Nd3 34. Rd1 b5 35. Qc7 R8d7 36. Qc8 Rc5 37. Qxd7 Nxb2 38. Bxb2 Rd5 39. Qxd5+ Ke8 40. Qe5 Kf7 41. Qd5+ e6 42. f5 gxf5 43. Qd7+ Kg6 44. gxf5+ Kxf5 45. Rd5+ Ke4 46. Qxe6+ Kf3 47. Rf5+ Ke2 48. Qb3 b4 49. Qc2+ Ke1 50. Rf1# 1-0


[Site "https://www.chess.com"]

[Event "Titled Tuesday Blitz February 28 Early 2023"]
[White "Curtis, John"]
[Black "Coelho, Ramyres Santana"]
[WhiteFideId "3200256"]
[BlackFideId "2120690"]
[WhiteElo "2203"]
[BlackElo "1888"]
[Result "0-1"]
[Round "04"]
[TimeControl "180+2"]
[Date "2023.02.28"]
[WhiteClock "0:00:03"]
[BlackClock "0:02:09"]

1. e4 c5 2. Nf3 d6 3. d4 cxd4 4. Nxd4 Nf6 5. Nc3 a6 6. Bg5 e6 7. Bc4 Qc7 8. Bb3 Qc5 9. Be3 Qc7 10. g4 b5 11. g5 Nfd7 12. f4 Nc5 13. f5 Nxb3 14. axb3 b4 15. Na4 e5 16. Ne2 Bb7 17. Ng3 Nd7 18. O-O Rc8 19. c3 bxc3 20. bxc3 Be7 21. c4 Nc5 22. Nc3 O-O 23. f6 Bd8 24. fxg7 Re8 25. Nd5 Bxd5 26. Qxd5 Ne6 27. Nh5 Qc6 28. Nf6+ Bxf6 29. gxf6 Qxd5 30. cxd5 Nd4 31. Bxd4 exd4 0-1


[Site "https://www.chess.com"]

[Event "Titled Tuesday Blitz February 28 Early 2023"]
[White "Valle Maytin, Luis Enrique"]
[Black "Kiseljova, Marya"]
[WhiteFideId "3503666"]
[BlackFideId "4155009"]
[WhiteElo "2225"]
[BlackElo "1807"]
[Result "0-1"]
[Round "04"]
[TimeControl "180+2"]
[Date "2023.02.28"]
[WhiteClock "0:00:04"]
[BlackClock "0:00:16"]

1. e4 c5 2. Nf3 Nc6 3. Bb5 e5 4. c3 a6 5. Bxc6 dxc6 6. O-O Bd6 7. d3 Ne7 8. Nbd2 b6 9. Nc4 Bc7 10. Ncxe5 O-O 11. h3 f6 12. Nc4 b5 13. Ne3 Ng6 14. Nc2 Re8 15. Re1 Qd6 16. Be3 c4 17. dxc4 Rxe4 18. Qxd6 Bxd6 19. c5 Bc7 20. Bd4 Bf5 21. Ne3 Bd7 22. a4 Nf4 23. Red1 Rae8 24. axb5 axb5 25. Ra7 Ne6 26. Bxf6 gxf6 27. Rxd7 Bf4 28. Ra1 Bxe3 29. fxe3 Rxe3 30. Kf2 Re4 31. Re1 Rxe1 32. Nxe1 Nxc5 33. Rd6 Ne4+ 34. Kg1 Nxd6 35. Nd3 Nc4 36. b3 Nd2 37. b4 Ne4 38. Nf4 Nxc3 39. Kf2 Kf7 40. Nd3 Nd5 41. Nc5 Nxb4 42. Nb7 Nd3+ 43. Kf3 Re7 44. Nd6+ Ke6 45. Ne4 f5 46. Nc3 Ne5+ 47. Kf4 Nf7 48. Ne2 b4 49. Nd4+ Kd7 50. Nb3 Nd6 51. Nc5+ Kc7 0-1


[Site "https://www.chess.com"]

[Event "Titled Tuesday Blitz February 28 Early 2023"]
[White "lisjakzlatko1"]
[Black "Vasques, Antonio Pedro Freixial"]
[BlackFideId "1908332"]
[WhiteElo "2156"]
[BlackElo "2212"]
[Result "1/2-1/2"]
[Round "04"]
[TimeControl "180+2"]
[Date "2023.02.28"]
[WhiteClock "0:00:36"]
[BlackClock "0:00:20"]

1. e4 c5 2. b4 cxb4 3. Bb2 Nc6 4. d4 d5 5. exd5 Qxd5 6. c4 bxc3 7. Nxc3 Qxd4 8. Nd5 Qxd1+ 9. Rxd1 Bd7 10. Nc7+ Kd8 11. Nxa8 Kc8 12. Bc4 e6 13. Nf3 Bb4+ 14. Ke2 Nf6 15. Ne5 Nxe5 16. Bxe5 Ba5 17. Rc1 Bc6 18. Bb5 Kd7 19. Rhd1+ Nd5 20. Bxc6+ bxc6 21. Rc2 Rxa8 22. Rb1 Bb6 23. a4 f6 24. Bg3 e5 25. h4 h5 26. Rb3 Bc7 27. Rb7 Kc8 28. Rb3 Kd7 29. Rb7 Kc8 30. Rb3 Kd7 1/2-1/2


[Site "https://www.chess.com"]

[Event "Titled Tuesday Blitz February 28 Early 2023"]
[White "Tarnowska, Aleksandra"]
[Black "Fernandez Garcia, Gumersindo"]
[WhiteFideId "1180967"]
[BlackFideId "24516740"]
[WhiteElo "1776"]
[BlackElo "2093"]
[Result "0-1"]
[Round "04"]
[TimeControl "180+2"]
[Date "2023.02.28"]
[WhiteClock "0:00:01"]
[BlackClock "0:00:59"]

1. e4 d6 2. d4 e5 3. c3 Nf6 4. Bd3 Nbd7 5. Nf3 Be7 6. O-O O-O 7. Nbd2 c6 8. Re1 h6 9. Nf1 Qc7 10. Ng3 Re8 11. Nf5 Bf8 12. h3 b5 13. Nh2 a5 14. f4 Ba6 15. Ng4 b4 16. fxe5 dxe5 17. dxe5 Nxg4 18. Qxg4 Nxe5 19. Nxh6+ Kh8 20. Qh5 Bxd3 21. Nxf7+ Kg8 22. Ng5 Bc5+ 23. Kh1 g6 24. Qh4 Qg7 25. Bf4 Ra7 26. Rad1 Bc4 27. Qg3 Rae7 28. h4 bxc3 29. bxc3 Bxa2 30. Bxe5 Rxe5 31. Rd2 Bb3 32. Red1 Bxd1 33. Rxd1 a4 34. Ra1 a3 35. Rb1 a2 36. Ra1 Ra8 37. Qd3 Rxg5 38. hxg5 Qf7 39. Qc2 Kg7 40. c4 Rh8# 0-1


[Site "https://www.chess.com"]

[Event "Titled Tuesday Blitz February 28 Early 2023"]
[White "Manon-og, Ramon Jr."]
[Black "Seifert, Henryk"]
[WhiteFideId "5200776"]
[BlackFideId "1100963"]
[WhiteElo "2338"]
[BlackElo "2071"]
[Result "1-0"]
[Round "04"]
[TimeControl "180+2"]
[Date "2023.02.28"]
[WhiteClock "0:01:07"]
[BlackClock "0:00:02"]

1. e4 e6 2. d4 d5 3. Nd2 Nf6 4. exd5 exd5 5. Ngf3 Bd6 6. Bd3 Bg4 7. h3 Bh5 8. O-O O-O 9. c4 dxc4 10. Nxc4 Nc6 11. Bg5 h6 12. Nxd6 Qxd6 13. Be3 Rad8 14. Rc1 Rfe8 15. Bb5 Nd5 16. Bd2 Nxd4 17. Bxe8 Nxf3+ 18. gxf3 Rxe8 19. Re1 Qg6+ 20. Kf1 Qd3+ 21. Kg2 Qg6+ 22. Kh1 Rd8 23. Qe2 Qf5 24. Kg2 Qg6+ 25. Kh2 Qd6+ 26. Qe5 Qg6 27. Rg1 f6 28. Qe6+ Qf7 29. Qf5 1-0


[Site "https://www.chess.com"]

[Event "Titled Tuesday Blitz February 28 Early 2023"]
[White "Larina, Maria"]
[Black "Korpics, Zsolt"]
[WhiteFideId "24113182"]
[BlackFideId "705241"]
[WhiteElo "1848"]
[BlackElo "2332"]
[Result "1/2-1/2"]
[Round "04"]
[TimeControl "180+2"]
[Date "2023.02.28"]
[WhiteClock "0:01:06"]
[BlackClock "0:02:06"]

1. e4 c5 2. Nc3 Nc6 3. g3 g6 4. Bg2 Bg7 5. d3 d6 6. Nh3 e6 7. f4 Nge7 8. O-O O-O 9. g4 f5 10. exf5 exf5 11. g5 d5 12. Qf3 Be6 13. Re1 Bf7 14. Ne2 d4 15. Nf2 Qd7 16. h4 Nb4 17. Qxb7 Qc7 18. Qxc7 1/2-1/2


[Site "https://www.chess.com"]

[Event "Titled Tuesday Blitz February 28 Early 2023"]
[White "Qashashvili, Alexandre"]
[Black "Ricaurte Lopez, Juan Carlos"]
[WhiteFideId "13600842"]
[BlackFideId "3600327"]
[WhiteElo "2405"]
[BlackElo "2209"]
[Result "1-0"]
[Round "04"]
[TimeControl "180+2"]
[Date "2023.02.28"]
[WhiteClock "0:00:20"]
[BlackClock "0:00:12"]

1. e4 e5 2. Nc3 Nf6 3. Nf3 Nc6 4. d4 exd4 5. Nxd4 Bb4 6. Nxc6 bxc6 7. Bd3 d5 8. exd5 cxd5 9. O-O O-O 10. Bg5 c6 11. Qf3 h6 12. Bxf6 Qxf6 13. Qxf6 gxf6 14. Ne2 Re8 15. Ng3 Re5 16. f4 Re3 17. Bf5 Bxf5 18. Nxf5 Re2 19. Nxh6+ Kf8 20. Nf5 Rxc2 21. Rac1 Rxb2 22. Rxc6 Re8 23. Rxf6 Ree2 24. Rh6 Rxg2+ 25. Kh1 Ke8 26. Ne3 Rgd2 27. Rh5 Bd6 28. Nxd5 Rxa2 29. Nf6+ Ke7 30. Ne4 Re2 31. Nc3 Rf2 32. Re1+ Kd7 33. Nxa2 Rxa2 34. Rf5 1-0


[Site "https://www.chess.com"]

[Event "Titled Tuesday Blitz February 28 Early 2023"]
[White "Kriti Mayur Patel"]
[Black "Sarkar, Justin"]
[WhiteFideId "35061780"]
[BlackFideId "2010011"]
[WhiteElo "1306"]
[BlackElo "2189"]
[Result "0-1"]
[Round "04"]
[TimeControl "180+2"]
[Date "2023.02.28"]
[WhiteClock "0:00:25"]
[BlackClock "0:00:15"]

1. e4 e5 2. Nf3 Nc6 3. Bc4 Nf6 4. d3 Bc5 5. c3 d6 6. Nbd2 a6 7. Bb3 Ba7 8. h3 O-O 9. Nf1 Ne7 10. Ng3 Ng6 11. O-O h6 12. d4 exd4 13. cxd4 d5 14. e5 Ne4 15. Nxe4 dxe4 16. Nd2 Qxd4 17. Qe2 e3 18. Nf3 exf2+ 19. Kh2 Qc5 20. Qe4 Ne7 21. Bf4 Qc6 22. Qd3 Bf5 23. Qe2 Rad8 24. Rac1 Bd3 25. Qd2 Bxf1 26. Rxc6 Rxd2 27. Nxd2 Nxc6 28. Nxf1 Re8 29. Kg3 Nxe5 30. Be3 Bxe3 31. Nxe3 Nd3 32. Nf1 Re1 33. Bc4 Rxf1 34. Bxd3 Rd1 35. Be2 f1=Q 36. Bxf1 Rxf1 37. Kh4 Rf2 38. g4 Rxb2 39. a4 Ra2 40. a5 Rxa5 41. Kg3 g5 42. Kf3 Ra3+ 43. Kg2 f5 44. gxf5 Kf7 45. Kf2 Kf6 46. Ke2 Kxf5 47. Kd2 Rxh3 48. Kc2 Ke4 49. Kb2 Kd4 50. Kc2 g4 51. Kb2 Kc4 52. Ka2 Rh2+ 53. Ka3 g3 54. Ka4 Ra2# 0-1


[Site "https://www.chess.com"]

[Event "Titled Tuesday Blitz February 28 Early 2023"]
[White "Gutierrez Espinosa, Karen"]
[Black "Ipek, Egehan"]
[WhiteFideId "3513238"]
[BlackFideId "44523793"]
[WhiteElo "2017"]
[BlackElo "1948"]
[Result "1-0"]
[Round "04"]
[TimeControl "180+2"]
[Date "2023.02.28"]
[WhiteClock "0:00:20"]
[BlackClock "0:00:03"]

1. e4 c6 2. d4 d5 3. Nc3 dxe4 4. Nxe4 Nf6 5. Nxf6+ exf6 6. Nf3 Bd6 7. Bd3 O-O 8. O-O Re8 9. Be3 Na6 10. c3 Nc7 11. c4 b5 12. b3 bxc4 13. bxc4 Bg4 14. h3 Bh5 15. Be2 Ne6 16. Qd2 Bb8 17. d5 Qc7 18. g3 cxd5 19. cxd5 Rd8 20. Rfc1 Qe7 21. Qa5 Bc7 22. Qb5 Bxf3 23. Bxf3 Ng5 24. Bxg5 fxg5 25. d6 Bxd6 26. Bxa8 Rxa8 27. Qc6 Rd8 28. Re1 Be5 29. Rad1 Re8 30. Rd7 Qb4 31. Rxe5 Rxe5 32. Rd8+ Qf8 33. Rxf8+ Kxf8 34. Qd6+ Re7 35. f4 gxf4 36. gxf4 h6 37. Kf2 g6 38. Kf3 Ke8 39. Qb8+ Kd7 40. Qxa7+ Ke6 41. Qb6+ Kf5 42. a4 g5 43. fxg5 hxg5 44. a5 Re1 45. a6 Rf1+ 46. Kg2 Ra1 47. a7 Kf4 48. Qb4+ 1-0


[Site "https://www.chess.com"]

[Event "Titled Tuesday Blitz February 28 Early 2023"]
[White "Kornyukov, Alexey"]
[Black "Kalaiyalahan, Akshaya"]
[WhiteFideId "4150457"]
[BlackFideId "422894"]
[WhiteElo "2352"]
[BlackElo "2043"]
[Result "0-1"]
[Round "04"]
[TimeControl "180+2"]
[Date "2023.02.28"]
[WhiteClock "0:00:25"]
[BlackClock "0:00:12"]

1. e4 d5 2. exd5 Qxd5 3. Nc3 Qa5 4. d4 Nf6 5. Nf3 e6 6. Bd3 c6 7. O-O Nbd7 8. Bd2 Qc7 9. Ne4 Nxe4 10. Bxe4 Nf6 11. Bd3 Bd6 12. c4 O-O 13. c5 Bf4 14. Bxf4 Qxf4 15. Qd2 Qxd2 16. Nxd2 e5 17. dxe5 Nd7 18. Nf3 Nxc5 19. Bc2 h6 20. b4 Na6 21. Rab1 Bg4 22. Bd3 Nc7 23. Be4 Rad8 24. h3 Be6 25. a3 Nd5 26. Bxd5 Bxd5 27. Rfd1 Bxf3 28. gxf3 Rfe8 29. f4 g5 30. fxg5 hxg5 31. Rxd8 Rxd8 32. Re1 Rd3 33. Re3 Rxe3 34. fxe3 Kf8 35. Kg2 Ke7 36. Kf3 Ke6 37. Kg4 f6 38. exf6 Kxf6 39. e4 b6 40. e5+ Kxe5 41. Kxg5 c5 42. bxc5 bxc5 43. h4 c4 44. h5 c3 45. h6 c2 46. h7 c1=Q+ 47. Kg6 Qc8 48. Kg7 Qg4+ 49. Kh8 Kf6 50. a4 Qg7# 0-1


[Site "https://www.chess.com"]

[Event "Titled Tuesday Blitz February 28 Early 2023"]
[White "Sovetbekova, Nurai"]
[Black "Vargas, Mauricio"]
[WhiteFideId "13801910"]
[BlackFideId "4404572"]
[WhiteElo "1857"]
[BlackElo "2025"]
[Result "1-0"]
[Round "04"]
[TimeControl "180+2"]
[Date "2023.02.28"]
[WhiteClock "0:00:47"]
[BlackClock "0:00:42"]

1. d4 d5 2. c4 c6 3. Nc3 e6 4. Nf3 dxc4 5. e4 b5 6. Be3 Bb4 7. a4 a5 8. axb5 cxb5 9. Bd2 Bxc3 10. Bxc3 Bb7 11. Qd2 Nc6 12. d5 Nb4 13. Bxg7 exd5 14. Bxh8 Qe7 15. e5 O-O-O 16. Rxa5 Nh6 17. Bf6 Qc5 18. Bxd8 Kxd8 19. Qxh6 Nc2+ 20. Kd1 Nd4 21. Qd6+ Qxd6 22. exd6 Nb3 23. Rxb5 Bc6 24. Rxb3 cxb3 25. Nd4 Be8 26. Bb5 Bxb5 27. Nxb5 Kd7 28. Kd2 Kc6 29. Nc3 Kxd6 30. Kd3 Kc5 31. Ra1 d4 32. Ne4+ Kd5 33. Ra5+ Ke6 34. Kxd4 f5 35. Ra6+ Kf7 36. Ng5+ Kg7 37. Ke5 h6 38. Kxf5 hxg5 39. Kxg5 Kf7 40. h4 Ke7 41. h5 Kf7 42. h6 Kg8 43. h7+ Kh8 44. Rb6 Kg7 45. h8=Q+ Kxh8 46. Rb7 Kg8 47. Kf6 Kh8 48. Kg6 1-0


[Site "https://www.chess.com"]

[Event "Titled Tuesday Blitz February 28 Early 2023"]
[White "Wilson, Elvin"]
[Black "Lohani, Sujana"]
[WhiteFideId "2014874"]
[BlackFideId "12311987"]
[WhiteElo "2301"]
[BlackElo "1718"]
[Result "1-0"]
[Round "04"]
[TimeControl "180+2"]
[Date "2023.02.28"]
[WhiteClock "0:01:47"]
[BlackClock "0:00:03"]

1. c4 Nf6 2. g3 d6 3. Bg2 c6 4. Nc3 g6 5. e4 Bg7 6. Nge2 O-O 7. O-O Nbd7 8. d3 e5 9. h3 a5 10. Be3 Re8 11. Qd2 Nf8 12. f4 exf4 13. gxf4 Ne6 14. d4 Qe7 15. Ng3 Nc7 16. Rae1 h5 17. e5 dxe5 18. fxe5 Nh7 19. Nge4 Ne6 20. Qf2 Rf8 21. Nf6+ Bxf6 22. exf6 Qd7 23. Ne4 1-0


[Site "https://www.chess.com"]

[Event "Titled Tuesday Blitz February 28 Early 2023"]
[White "Nakamura, Hikaru"]
[Black "Svane, Rasmus"]
[WhiteFideId "2016192"]
[BlackFideId "4657101"]
[WhiteElo "2879"]
[BlackElo "2597"]
[Result "1-0"]
[Round "05"]
[TimeControl "180+2"]
[Date "2023.02.28"]
[WhiteClock "0:00:08"]
[BlackClock "0:00:01"]

1. e4 c6 2. d3 d5 3. Nf3 dxe4 4. dxe4 Qxd1+ 5. Kxd1 Nf6 6. Nfd2 g5 7. f3 h5 8. Nc4 g4 9. Bg5 Be6 10. Ne3 Nbd7 11. Bc4 Bxc4 12. Nxc4 Bh6 13. Bxh6 Rxh6 14. Nbd2 h4 15. f4 Nc5 16. Re1 Rd8 17. Kc1 Rd4 18. Ne3 Nfxe4 19. Nb3 Rd8 20. Nxg4 Rg6 21. Ne3 Rf6 22. f5 a6 23. Rf1 Rfd6 24. Nc4 Rd5 25. Ne3 R5d7 26. Re1 Kf8 27. Rf1 Rd6 28. Rf4 Nxb3+ 29. axb3 Nf6 30. Rxh4 Kg7 31. Raa4 Rd2 32. Rh3 Re2 33. Kb1 Rdd2 34. Rg3+ Kf8 35. Rh4 Ke8 36. b4 b5 37. Rf3 Kd7 38. Rhh3 Kc7 39. Rf1 Kb6 40. Kc1 a5 41. Rd1 Ne4 42. bxa5+ Kxa5 43. Rxd2 Rxd2 44. Rh4 Rd4 45. c3 Nxc3 46. Rxd4 Ne2+ 47. Kd2 Nxd4 48. h4 e6 49. h5 1-0


[Site "https://www.chess.com"]

[Event "Titled Tuesday Blitz February 28 Early 2023"]
[White "Maghsoodloo, Parham"]
[Black "Carlsen, Magnus"]
[WhiteFideId "12539929"]
[BlackFideId "1503014"]
[WhiteElo "2659"]
[BlackElo "2852"]
[Result "0-1"]
[Round "05"]
[TimeControl "180+2"]
[Date "2023.02.28"]
[WhiteClock "0:00:01"]
[BlackClock "0:00:12"]

1. d4 Nf6 2. c4 e6 3. Nf3 a6 4. Nc3 d5 5. cxd5 exd5 6. Bg5 Be6 7. e3 Nbd7 8. Bd3 Bd6 9. O-O c6 10. Bf4 Qb8 11. Qd2 O-O 12. h3 Re8 13. Rfe1 Nf8 14. Bxd6 Qxd6 15. Ne5 N6d7 16. f4 f6 17. Nf3 Bf7 18. Na4 b5 19. Nc3 c5 20. dxc5 Nxc5 21. Nd4 Rad8 22. Rad1 Qb6 23. Bb1 b4 24. Nce2 a5 25. Kh2 Bg6 26. Bxg6 hxg6 27. Ng3 Nfe6 28. Qc2 Nxd4 29. exd4 Rxe1 30. Rxe1 Ne4 31. Nxe4 dxe4 32. Rxe4 f5 33. Qb3+ Kh7 34. Re6 Qxd4 35. Qg3 Kg8 36. b3 Rd6 37. Re5 Ra6 38. Qg5 Qd7 39. Re7 Qd6 40. Re5 a4 41. h4 Qf6 42. Rb5 axb3 43. axb3 Qxg5 44. hxg5 Rd6 45. Rxb4 Rd3 46. Rb6 Rc3 47. b4 Rb3 48. b5 Kf7 49. Rb7+ Kg8 50. b6 Kh7 51. Rb8 Rh3+ 52. Kg1 Rh1+ 53. Kf2 Rf1+ 54. Ke3 Rf3+ 55. Kd4 Rxf4+ 56. Kc5 Rf2 57. Rd8 Rc2+ 58. Kd6 Rd2+ 59. Kc7 Rc2+ 60. Kd7 Rd2+ 61. Kc8 Rc2+ 62. Kb8 Rxg2 0-1


[Site "https://www.chess.com"]

[Event "Titled Tuesday Blitz February 28 Early 2023"]
[White "Kovalenko, Igor"]
[Black "Erigaisi Arjun"]
[WhiteFideId "14117908"]
[BlackFideId "35009192"]
[WhiteElo "2574"]
[BlackElo "2737"]
[Result "1/2-1/2"]
[Round "05"]
[TimeControl "180+2"]
[Date "2023.02.28"]
[WhiteClock "0:00:37"]
[BlackClock "0:00:17"]

1. d4 d6 2. Nf3 g6 3. e4 Bg7 4. Bd3 Nc6 5. c3 e5 6. dxe5 Nxe5 7. Nxe5 dxe5 8. O-O Nf6 9. Qe2 O-O 10. Rd1 Nh5 11. g3 c6 12. Nd2 Qe7 13. Nc4 Be6 14. b3 Rfd8 15. Ba3 Qc7 16. Ne3 Bf8 17. Bxf8 Kxf8 18. Bc4 Ng7 19. Qf3 Qe7 20. a4 h5 21. h4 Rxd1+ 22. Rxd1 Rd8 23. a5 Rxd1+ 24. Qxd1 b5 25. axb6 axb6 26. Qa1 b5 27. Bxe6 Nxe6 28. Qa8+ Qe8 29. Qa7 Qd8 30. Kg2 Kg7 31. Qb7 Qd6 32. b4 Nf8 33. Nf1 Nd7 34. Qa7 Nf6 35. Qe3 Ng4 36. Qd2 Qe6 37. f3 Nf6 38. Qc2 Nd7 39. Nd2 Nb6 40. Nb3 Nc4 41. Qd3 Qe7 42. Nd2 Nb6 43. Qe3 Na4 44. Qd3 Qe6 45. Qc2 Qd7 46. Nf1 Nb6 47. Ne3 Qa7 48. Qd2 Nd7 49. g4 Nf6 50. g5 Ne8 51. c4 Nc7 52. cxb5 Nxb5 53. Nc4 Qa1 54. Qb2 Qxb2+ 55. Nxb2 f6 56. Nc4 Nd4 57. gxf6+ Kxf6 58. Nb2 g5 59. hxg5+ Kxg5 60. Nd3 Kf6 61. Kg3 h4+ 62. Kxh4 Nxf3+ 63. Kg3 Nd2 64. Nc5 Nc4 65. Kf2 Ke7 66. Ke2 Kd6 67. Kd3 Nb6 68. Kc3 Nc8 69. Kc4 Nb6+ 70. Kb3 Nd7 71. Nxd7 Kxd7 72. Kc3 Kc7 73. Kb3 Kb7 74. Kc3 Ka6 75. Kb3 Kb5 76. Kc3 c5 77. bxc5 Kxc5 78. Kd3 Kb4 79. Kc2 Kc4 80. Kd1 Kd3 81. Ke1 Kd4 82. Kd2 Kxe4 83. Ke2 Kf4 84. Kf2 e4 85. Ke2 e3 86. Ke1 Kf3 87. Kf1 e2+ 88. Ke1 Ke3 1/2-1/2


[Site "https://www.chess.com"]

[Event "Titled Tuesday Blitz February 28 Early 2023"]
[White "Bluebaum, Matthias"]
[Black "Mitrabha, Guha"]
[WhiteFideId "24651516"]
[BlackFideId "5057000"]
[WhiteElo "2638"]
[BlackElo "2520"]
[Result "0-1"]
[Round "05"]
[TimeControl "180+2"]
[Date "2023.02.28"]
[WhiteClock "0:00:13"]
[BlackClock "0:00:51"]

1. d4 Nf6 2. c4 e6 3. Nc3 d5 4. cxd5 exd5 5. Bf4 c6 6. e3 Bd6 7. Bxd6 Qxd6 8. Bd3 O-O 9. Nge2 Re8 10. Qd2 Nbd7 11. f3 c5 12. Rc1 a6 13. O-O Qe7 14. Kf2 b6 15. Ng3 g6 16. Rfe1 Bb7 17. Kg1 Rac8 18. a3 Qd6 19. Rcd1 Re7 20. Bc2 Rce8 21. Qf2 Kg7 22. Nf1 h5 23. h4 Re6 24. Ng3 Qe7 25. e4 cxd4 26. Qxd4 Qc5 27. Qxc5 Nxc5 28. b3 dxe4 29. b4 exf3 30. Rxe6 Nxe6 31. gxf3 Rc8 32. Rd3 Nf4 33. Re3 N6d5 34. Nxd5 Nxd5 35. Re2 Nf4 36. Rd2 Bxf3 37. Bb3 Rc3 38. Ba2 Nh3+ 39. Kh2 Nf4 40. Kg1 Rxa3 41. Bc4 b5 42. Bf1 Bd5 43. Rd4 Rxg3+ 44. Kf2 Rf3+ 45. Ke1 Bc4 46. Bxc4 bxc4 47. Rxc4 Ne6 48. Ke2 Rf4 49. Kd3 Rxc4 50. Kxc4 g5 51. Kd5 gxh4 52. Ke4 Kf6 53. Kf3 Ke5 54. Kg2 Kd5 55. Kh3 Kc4 56. Kxh4 Kxb4 57. Kxh5 a5 58. Kg4 a4 59. Kf5 a3 60. Kf6 a2 61. Ke7 a1=Q 62. Kxf7 Nf4 63. Ke7 Ne2 64. Ke6 Qa5 65. Kf6 Qd5 66. Kg6 Qe5 67. Kh6 Qf5 68. Kg7 Qe6 69. Kh7 Qg4 70. Kh8 Kc5 71. Kh7 Kd6 72. Kh8 Ke7 73. Kh7 Kf7 74. Kh8 Qh4# 0-1


[Site "https://www.chess.com"]

[Event "Titled Tuesday Blitz February 28 Early 2023"]
[White "Dubov, Daniil"]
[Black "Steinberg, Nitzan"]
[WhiteFideId "24126055"]
[BlackFideId "2801795"]
[WhiteElo "2802"]
[BlackElo "2486"]
[Result "1-0"]
[Round "05"]
[TimeControl "180+2"]
[Date "2023.02.28"]
[WhiteClock "0:00:09"]
[BlackClock "0:00:08"]

1. Nf3 d5 2. d4 Nf6 3. Bg5 Ne4 4. Bh4 f6 5. c4 c6 6. Nc3 h5 7. e3 Bf5 8. Bd3 e6 9. O-O Nd7 10. Qc2 g5 11. Nxe4 dxe4 12. Bxe4 Bxe4 13. Qxe4 Kf7 14. d5 Nc5 15. dxe6+ Kg7 16. Qf5 Qd3 17. Qxd3 Nxd3 18. Bg3 Nxb2 19. Rab1 Ba3 20. h4 gxh4 21. Nxh4 b6 22. Rfc1 Na4 23. Rd1 Rhd8 24. Bc7 Rxd1+ 25. Rxd1 Nc5 26. Nf5+ Kg6 27. Ne7+ Kh7 28. Nxc6 Nxe6 29. Rd7+ Kh6 30. Bd6 Bb2 31. Rxa7 Rc8 32. Ne7 Rxc4 33. g3 Ng5 34. Nf5+ Kg6 35. Nh4+ Kh6 36. Bf8# 1-0


[Site "https://www.chess.com"]

[Event "Titled Tuesday Blitz February 28 Early 2023"]
[White "Bacrot, Etienne"]
[Black "Adhiban, B."]
[WhiteFideId "605506"]
[BlackFideId "5018471"]
[WhiteElo "2667"]
[BlackElo "2587"]
[Result "1-0"]
[Round "05"]
[TimeControl "180+2"]
[Date "2023.02.28"]
[WhiteClock "0:00:10"]
[BlackClock "0:00:09"]

1. e4 c5 2. Nf3 Nc6 3. Bb5 d6 4. O-O Bd7 5. Re1 a6 6. Bf1 Bg4 7. c3 e6 8. h3 Bxf3 9. Qxf3 Nf6 10. d3 Be7 11. Be3 d5 12. Nd2 d4 13. Bf4 e5 14. Bh2 b5 15. a4 O-O 16. Qd1 dxc3 17. bxc3 b4 18. Qc2 Rc8 19. Nc4 Nd7 20. Be2 a5 21. Bg4 Rc7 22. Rad1 Bf6 23. Nd6 Nb6 24. Nb5 Rb7 25. d4 cxd4 26. cxd4 Nxd4 27. Nxd4 exd4 28. Qc6 Ra7 29. e5 Be7 30. e6 f5 31. Be2 f4 32. Bb5 Qc7 33. Qe4 Qc5 34. Rxd4 f3 35. gxf3 Qg5+ 36. Kh1 Bc5 37. Rdd1 Re7 38. Rg1 Qh5 39. Rg4 Qxh3 40. Rdg1 Qxf3+ 41. Qxf3 Rxf3 42. Rg5 Bxf2 43. Rf1 Be3 44. Rxf3 Bxg5 45. Bd6 Nd5 46. Bxe7 Bxe7 47. Rf7 b3 48. Rf2 Nc3 49. Bc4 Nxa4 50. Bxb3 Nc5 51. Bc4 Ne4 52. Rf7 1-0


[Site "https://www.chess.com"]

[Event "Titled Tuesday Blitz February 28 Early 2023"]
[White "Lazavik, Denis"]
[Black "Rustemov, Alexander"]
[WhiteFideId "13515110"]
[BlackFideId "4119002"]
[WhiteElo "2560"]
[BlackElo "2901"]
[Result "1-0"]
[Round "05"]
[TimeControl "180+2"]
[Date "2023.02.28"]
[WhiteClock "0:01:13"]
[BlackClock "0:00:20"]

1. d4 d5 2. c4 c6 3. Nf3 Nf6 4. Qc2 e6 5. e3 a6 6. b3 dxc4 7. Bxc4 c5 8. O-O Nbd7 9. Ba3 cxd4 10. Bxf8 Nxf8 11. Nxd4 Ng6 12. Rd1 Qe7 13. Be2 O-O 14. Nd2 Ne5 15. Rac1 Rd8 16. Ne4 Ne8 17. Qc5 Qxc5 18. Nxc5 b6 19. Na4 Rb8 20. f4 Ng6 21. Nc6 Rxd1+ 22. Rxd1 Rb7 23. Rd8 Bd7 24. Bf3 Rc7 25. Nxb6 Rxc6 26. Nxd7 Rc1+ 27. Kf2 1-0


[Site "https://www.chess.com"]

[Event "Titled Tuesday Blitz February 28 Early 2023"]
[White "Darini, Pouria"]
[Black "Sadhwani, Raunak"]
[WhiteFideId "12502200"]
[BlackFideId "35093487"]
[WhiteElo "2482"]
[BlackElo "2631"]
[Result "0-1"]
[Round "05"]
[TimeControl "180+2"]
[Date "2023.02.28"]
[WhiteClock "0:00:09"]
[BlackClock "0:00:07"]

1. d4 g6 2. Nf3 Bg7 3. Bf4 d6 4. e3 Nf6 5. Be2 O-O 6. O-O Nfd7 7. Bg5 h6 8. Bh4 g5 9. Bg3 e5 10. dxe5 dxe5 11. e4 Nc6 12. Nc3 Nc5 13. Nd2 Nd4 14. Bh5 c6 15. Nc4 Qe7 16. Ne3 Rd8 17. Qc1 b5 18. b4 Nb7 19. Qb2 a5 20. a3 Nd6 21. Rfe1 Be6 22. h3 Nc4 23. Nxc4 Bxc4 24. Bg4 Qf6 25. Ne2 axb4 26. axb4 Rxa1 27. Qxa1 Nxc2 28. Qc1 Nxe1 29. Qxe1 Qd6 30. Nc3 Qxb4 31. Qc1 Rd3 32. Nd1 Qa3 33. Qb1 Qb3 34. Qa1 Qa3 35. Qb1 Rxg3 36. fxg3 Qxg3 37. Qa1 Qe1+ 38. Kh2 Qd2 39. Qa8+ Bf8 40. Qa1 Qf4+ 41. g3 Qxe4 42. Nf2 Qd4 43. Qe1 Bd5 44. Nd1 Bc5 45. Nc3 Qf2+ 46. Qxf2 Bxf2 47. Nxd5 cxd5 48. Be2 b4 49. Bd1 Kf8 50. Kg2 Bc5 51. Bb3 d4 52. Kf3 f5 53. g4 e4+ 54. Ke2 d3+ 55. Kd2 f4 56. Bd5 Be3+ 57. Kd1 d2 58. Bxe4 Ke7 59. Ke2 Kd6 60. h4 gxh4 61. g5 hxg5 0-1


[Site "https://www.chess.com"]